Map: Ulrena

Players

LilDicky

  • Race: Terran Terran
  • League: Diamond

Princess - Winner!

  • Race: Protoss Protoss
  • League: Diamond

VOD

http://www.twitch.tv/tumescentpie

Description

Time

  • Played on: Dec. 11, 2015, 2:34 p.m.
  • Length: 3:05
Show
View Real Time Build Order
Export as new Build Order

LilDicky Terran 

Build Orders:  

Get SALT Encoding   

  12  0:02  SCV  
  13  0:14  SCV  
  13  0:18  Supply Depot  
  14  0:26  SCV  
  15  0:43  Barracks  
  15  0:51  SCV  
  16  1:08  Barracks  
  16  1:11  Barracks  
  16  1:20  Supply Depot  
  16  1:23  SCV  
  17  1:33  Marine  
  18  1:40  Orbital Command  
  18  1:53  Marine  
  19  2:03  Marine x2  
  20  2:11  Marine  
  21  2:20  Marine  
  21  2:21  Marine  
  23  2:29  Marine  
  24  2:31  Bunker  
  22  2:38  Marine x2  
  24  2:46  Marine  
Show
View Real Time Build Order
Export as new Build Order

Princess Protoss - Winner!

Build Orders:  

Get SALT Encoding   

  12  0:01  Probe (Chrono Boost)  
  13  0:11  Probe (Chrono Boost)  
  14  0:19  Pylon  
  14  0:22  Probe (Chrono Boost)  
  15  0:37  Gateway  
  15  0:38  Probe (Chrono Boost)  
  16  0:48  Assimilator  
  16  0:49  Probe (Chrono Boost)  
  17  0:59  Probe (Chrono Boost)  
  17  1:00  Gateway  
  18  1:10  Probe (Chrono Boost)  
  19  1:20  Probe (Chrono Boost)  
  20  1:26  Cybernetics Core  
  20  1:31  Probe (Chrono Boost)  
  21  1:33  Assimilator  
  21  1:38  Pylon  
  21  1:41  Probe (Chrono Boost)  
  22  1:52  Probe (Chrono Boost)  
  23  2:06  Adept x2  
  27  2:33  Adept x2  
Tags
 
Add a new tag
Caveats
  • Supply blocks, unpowered buildings, or Contaminate may cause inaccurate times.
  • Supply counts are checked every 10 seconds.